AoeStats
← 落花之情

Black Forest

504059732Analyzed
4v4 RM · 28d ago on Sep 3, 2026· 36m 34s· 8 players
Game mode
Random Map
Map size
Large (8 player)
Population
200
Speed
Normal
Resources
Standard
Victory
Conquest
Starting age
Dark Age
Ending age
Imperial Age
RankedLock teamsTeams togetherTeam positionsShared explorationLock speedFull tech treeHidden civsTurbo modeCheats
Victory
Defeat
🇫🇷 Tatars · France
1605
+13
🇧🇪 Persians · Belgium
1540
+16
🇷🇺 Khmer · Russia
1525
+17
🇹🇷 Vikings · Türkiye
1441
+20
🇺🇸 Cumans · United States
1668
-22
🇨🇳 Khitans · China
1609
-20
🇩🇪 Burgundians · Germany
1466
-13
🇩🇪 Turks · Germany
1406
-11
Cipiettro_Vicci
1:06 Loom
12:05 Feudal Age
16:05 Castle Age
14:02 Double-Bit Axe
14:13 Horse Collar
17:00 Heavy Plow
17:11 Bow Saw
20:53 Wheelbarrow
20:46 Town Watch
22:17 Stone Mining
23:29 Gold Mining
24:55 Husbandry
26:50 Hand Cart
29:53 Imperial Age
28:25 Bloodlines
28:08 Fletching
28:36 Silk Armor
28:48 Bodkin Arrow
29:29 Padded Archer Armor
30:14 Ballistics
30:38 Bracer
31:56 Chemistry
31:28 Leather Archer Armor
32:43 Masonry
33:00 Scale Barding Armor
32:34 Light Cavalry
36:28 Chain Barding Armor
36:08 Hussar
37:00 Forging
xxArMoRxx
2:22 Loom
13:39 Feudal Age
18:54 Castle Age
18:10 Double-Bit Axe
18:07 Horse Collar
19:41 Bloodlines
19:54 Bloodlines
20:31 Husbandry
21:38 Wheelbarrow
24:02 Heavy Plow
26:07 Gold Mining
27:52 Stone Mining
33:14 Imperial Age
30:39 Town Watch
31:54 Hand Cart
32:41 Scale Barding Armor
34:03 Chain Barding Armor
34:00 Forging
34:37 Conscription
36:11 Plate Barding Armor
36:12 Iron Casting
36:55 Crop Rotation
37:03 Gold Shaft Mining
37:06 Stone Shaft Mining
36:36 Fletching
bullseyes
0:52 Loom
16:16 Feudal Age
20:39 Castle Age
19:10 Fletching
22:21 Bodkin Arrow
27:44 Horse Collar
32:54 Wheelbarrow
32:43 Heavy Plow
32:30 Double-Bit Axe
34:01 Caravan
35:38 Hand Cart
35:08 Town Watch
39:39 Imperial Age
hirax34
11:14 Feudal Age
15:04 Castle Age
13:09 Double-Bit Axe
13:32 Horse Collar
16:51 Bow Saw
20:26 Heavy Plow
23:10 Gold Mining
23:32 Stone Mining
24:19 Loom
28:12 Imperial Age
26:16 Scale Mail Armor
26:26 Forging
27:20 Chain Mail Armor
27:48 Squires
27:39 Arson
27:40 Gambesons
29:14 Iron Casting
28:19 Man-at-Arms
29:32 Plate Mail Armor
28:54 Town Watch
28:43 Capped Ram
29:37 Siege Ram
29:47 Long Swordsman
31:29 Blast Furnace
30:50 Siege Engineers
31:06 Ballistics
30:29 Two-Handed Swordsman
31:37 Conscription
30:51 Pikeman
31:42 Chieftains
31:46 Champion
33:20 Fletching
34:49 Two-Man Saw
34:21 Crop Rotation
Raphael
1:29 Loom
17:49 Feudal Age
17:31 Double-Bit Axe
18:06 Horse Collar
19:35 Bow Saw
19:48 Heavy Plow
22:58 Wheelbarrow
24:01 Gold Mining
26:25 Castle Age
26:25 Scale Mail Armor
28:33 Two-Man Saw
28:23 Crop Rotation
27:32 Pikeman
32:19 Pikeman
34:56 Squires
TomCollins
1:45 Loom
12:34 Feudal Age
13:04 Double-Bit Axe
13:01 Horse Collar
20:19 Castle Age
21:21 Bow Saw
21:15 Heavy Plow
23:09 Wheelbarrow
24:06 Town Watch
30:40 Imperial Age
28:38 Scale Mail Armor
28:37 Fletching
28:57 Forging
28:44 Gold Mining
29:40 Ballistics
29:51 Squires
29:11 Pikeman
30:11 Chain Mail Armor
31:06 Masonry
30:47 Onager
33:06 Chemistry
32:59 Halberdier
34:42 Plate Mail Armor
34:47 Iron Casting
35:57 Hand Cart
落花之情
9:38 Feudal Age
10:55 Double-Bit Axe
12:59 Forging
12:34 Domestication
19:44 Castle Age
20:32 Pastoralism
20:42 Bow Saw
21:11 Wheelbarrow
19:59 Light Cavalry
21:37 Husbandry
23:39 Hand Cart
25:41 Gold Mining
26:54 Stone Mining
30:46 Imperial Age
28:03 Loom
28:39 Scale Mail Armor
29:50 Iron Casting
28:58 Treadmill Crane
29:18 Town Watch
30:13 Stone Shaft Mining
30:35 Chain Mail Armor
30:59 Murder Holes
31:17 Fortified Wall
31:17 Masonry
31:23 Squires
30:44 Pikeman
32:29 Two-Man Saw
32:01 Transhumance
32:22 Conscription
32:03 Heavy Rocket Cart
34:50 Plate Mail Armor
34:34 Scale Barding Armor
35:37 Siege Engineers
Barca4life
8:31 Loom
12:01 Feudal Age
16:09 Castle Age
14:55 Double-Bit Axe
15:35 Horse Collar
17:34 Bow Saw
27:12 Wheelbarrow
32:25 Imperial Age
32:08 Gold Mining
32:54 Hand Cart
Connection lost

Rejoining the realm…

Still unreachable

The connection could not be restored.

Session expired

The server has moved on; the page needs a fresh start.